 Dungeon Sprint DCSS version 0.17-a0-1646-geb1493d (webtiles) character file.

507 Kidiri the Covert (level 6, -2/28 HPs)
             Began as a Spriggan Enchanter on Aug 11, 2015.
             Was an Initiate of Dithmenos.
             Slain by a deep elf priest
             ... wielding a +0 long sword of holy wrath
              (10 damage)
             ... in the Dungeon (Sprint III: "The Ten Rune Challenge").
             The game lasted 00:06:12 (906 turns).

Kidiri the Covert (Spriggan Enchanter)               Turns: 906, Time: 00:06:12

Health: -2/28      AC:  3    Str:  4    XL:     6   Next: 97%
Magic:  5/18       EV: 26    Int: 17    God:    Dithmenos [......]
Gold:   19         SH:  0    Dex: 18    Spells: 7 memorised, 2 levels left

rFire  . . .     SeeInvis +     a - +1 dagger
rCold  . . .     Clarity  .     b - +1 robe
rNeg   . . .     SustAt   .     (shield restricted)
rPois  .         Gourm    .     (helmet restricted)
rElec  .         Spirit   .     (no cloak)
rCorr  .         Warding  .     (gloves unavailable)
rMut   .         NoTele   +     (boots unavailable)
MR     +....                    (no amulet)
Stlth  ++++++....               (no ring)
                                (no ring)

@: very slightly contaminated, very quick, somewhat resistant to hostile
enchantments, very stealthy
A: unfitting armour, see invisible, herbivore 3, speed 3, slow metabolism 2
a: Renounce Religion


You were in the Dungeon.
You worshipped Dithmenos.
Dithmenos was noncommittal.
You were not hungry.

You visited 1 branch You collected 19 gold pieces.

Inventory:

Hand weapons
 a - a +1 dagger (weapon)
Armour
 b - a +1 robe (worn)
Scrolls
 j - a scroll of blinking
 n - 3 scrolls of remove curse
Potions
 e - a potion of curing
 f - 2 potions of heal wounds
 g - a potion of haste
 h - 2 potions of magic
 i - a potion of berserk rage
 r - a potion of flight {unknown}
Books
 c - a book of Conjurations

   Spells                             Type                      Level
   a - Magic Dart                     Conjuration                  1
   b - Searing Ray                    Conjuration                  2
   c - Dazzling Spray                 Conjuration/Hexes            3
   d - Fulminant Prism                Conjuration/Hexes            4
   e - Iskenderun's Mystic Blast      Conjuration                  4
   f - Iskenderun's Battlesphere      Conjuration/Charms           5
 k - a book of Frost

   Spells                             Type                      Level
   a - Freeze                         Ice                          1
   b - Throw Frost                    Conjuration/Ice              2
   c - Ozocubu's Armour               Charms/Ice                   3
   d - Throw Icicle                   Conjuration/Ice              4
   e - Summon Ice Beast               Ice/Summoning                4
   f - Condensation Shield            Ice                          4
Comestibles
 d - a bread ration
 o - 2 royal jellies
 p - 4 fruits


   Skills:
 + Level 5.2 Short Blades
 * Level 10.2 Dodging
 * Level 11.2 Stealth
 * Level 8.4 Spellcasting
 + Level 2.4 Conjurations
 + Level 6.9 Hexes
 + Level 0.0 Charms
 + Level 0.0 Summonings
 + Level 3.4 Ice Magic
 + Level 1.8 Invocations


You had 2 spell levels left.
You knew the following spells:

 Your Spells              Type           Power        Failure   Level  Hunger
a - Corona                Hex            ####...      1%          1    None
b - Ensorcelled Hibernat  Hex/Ice        ###...       1%          2    None
c - Confuse               Hex            ####....     1%          3    #......
d - Tukima's Dance        Hex            ####....     1%          3    #......
e - Dazzling Spray        Conj/Hex       ###.....     6%          3    #......
f - Ozocubu's Armour      Chrm/Ice       ##......     17%         3    #......
g - Summon Ice Beast      Ice/Summ       ##......     58%         4    ###....


Dungeon Overview and Level Annotations

Branches:
Dungeon (1/1)

Altars:
Dithmenos
Elyvilon
Gozag
Kikubaaqudgha
Makhleb
Nemelex Xobeh
Qazlal
Ru
Sif Muna
Vehumet
Xom
Zin
The Shining One
Jiyva
Lugonu


Innate Abilities, Weirdness & Mutations

You are tiny and cannot use many weapons and most armour.
You have supernaturally acute eyesight.
You are a herbivore.
You cover ground extremely quickly.
You need consume almost no food.


Message History

Aim: a deep elf priest, wielding a long sword of holy wrath (chance to defeat MR: 25%)
The deep elf priest resists with almost no effort.
The deep elf priest hits you but does no damage.
Casting: Confuse
Confirm with . or Enter, or press ? or * to list all spells.
Aiming: Confuse
Press: ? - help, Shift-Dir - straight line, f/p - deep elf priest
Aim: a deep elf priest, wielding a long sword of holy wrath (chance to defeat MR: 25%)
The deep elf priest resists with almost no effort.
The deep elf priest hits you with a long sword of holy wrath!
* * * LOW HITPOINT WARNING * * *
Unknown command.
Casting: Confuse
Confirm with . or Enter, or press ? or * to list all spells.
Aiming: Confuse
Press: ? - help, Shift-Dir - straight line, f/p - deep elf priest
Aim: a deep elf priest, wielding a long sword of holy wrath (chance to defeat MR: 25%)
The deep elf priest resists with almost no effort.
The deep elf priest hits you with a long sword of holy wrath!
You die...

▓▓▓▓▓▓▓▓▓ ▓▓▓ ..+...♣.♣
♣.##### .?#....♣♣ ♣.#___#
###....♣♣ ♣.#...#
..#....≈♣♣♣♣♣.###e#+###+##
..#...≈≈...♣♣.#.@........#
.[#..≈≈≈≈.♣♣..'.⌠........#
#'#..≈≈≈≈≈≈...#...######+#
).#.≈≈≈≈≈≈....#.⌠.#__#...#
..#.≈≈≈≈≈.....#...#__#...#
..#.≈≈≈.......#+###__#...#
###...........#)..#__#...+
..............#___#_.+...#
▓▓▓▓▓▓▓▓▓▓▓▓▓▓▓▓▓▓▓▓▓▓▓▓▓▓


You could see a deep elf priest.

Vanquished Creatures
  A shadow (D)
  A spatial vortex (D)
  A water elemental (D)
  A scorpion (D)
  A jelly (D)
  Jessica (D)
  A wizard (D)
  A human (D)
  A kobold demonologist (D)
  2 oozes (D)
  A rat (D)
12 creatures vanquished.

Vanquished Creatures (others)
  2 draconian scorchers (D)
  A yaktaur (D)
3 creatures vanquished.

Grand Total: 15 creatures vanquished

Notes
Turn   | Place    | Note
--------------------------------------------------------------
     0 | D        | Kidiri the Spriggan Enchanter began the quest for the Orb.
     0 | D        | Reached XP level 1. HP: 9/9 MP: 5/5
     4 | D        | Reached skill level 5 in Stealth
     7 | D        | Reached XP level 2. HP: 13/13 MP: 5/7
    16 | D        | Learned a level 2 spell: Ensorcelled Hibernation
    33 | D        | Noticed Jessica
    38 | D        | Killed Jessica
    38 | D        | Reached skill level 5 in Dodging
    38 | D        | Reached skill level 6 in Stealth
    38 | D        | Reached XP level 3. HP: 16/16 MP: 3/10
    43 | D        | Learned a level 3 spell: Confuse
    47 | D        | Learned a level 3 spell: Tukima's Dance
   142 | D        | Reached skill level 7 in Stealth
   142 | D        | Reached skill level 1 in Ice Magic
   182 | D        | Killed a white draconian scorcher
   182 | D        | Killed a white draconian scorcher
   274 | D        | Killed a yaktaur
   312 | D        | Noticed a scorpion
   318 | D        | Killed a scorpion
   318 | D        | Reached skill level 8 in Stealth
   318 | D        | Reached skill level 5 in Spellcasting
   318 | D        | Reached skill level 5 in Hexes
   318 | D        | Reached XP level 4. HP: 21/21 MP: 6/12
   326 | D        | Learned a level 3 spell: Dazzling Spray
   341 | D        | Gained mutation: You are clumsy. (Dex -2) [potion of mutation]
   341 | D        | Gained mutation: You can breathe flames. [potion of mutation]
   341 | D        | Gained mutation: You are very clumsy. (Dex -4) [potion of mutation]
   342 | D        | Gained mutation: You can breathe fire. [potion of mutation]
   342 | D        | Gained mutation: You can breathe blasts of fire. [potion of mutation]
   342 | D        | Gained mutation: You are frail (-10% HP). [potion of mutation]
   343 | D        | Lost mutation: You can breathe blasts of fire. [potion of mutation]
   343 | D        | Gained mutation: You are dopey. (Int -2) [potion of mutation]
   344 | D        | Lost mutation: You are frail (-10% HP). [potion of cure mutation]
   344 | D        | Lost mutation: You can breathe fire. [potion of cure mutation]
   344 | D        | Lost mutation: You are very clumsy. (Dex -4) [potion of cure mutation]
   344 | D        | Lost mutation: You can breathe flames. [potion of cure mutation]
   344 | D        | Lost mutation: You are clumsy. (Dex -2) [potion of cure mutation]
   344 | D        | Lost mutation: You are dopey. (Int -2) [potion of cure mutation]
   399 | D        | Noticed a water elemental
   402 | D        | Killed a water elemental
   402 | D        | Reached XP level 5. HP: 24/24 MP: 12/14
   420 | D        | Noticed a jelly
   421 | D        | Noticed a shadow
   433 | D        | Killed a shadow
   433 | D        | Reached skill level 9 in Dodging
   433 | D        | Reached skill level 10 in Stealth
   433 | D        | Reached skill level 1 in Conjurations
   433 | D        | Reached XP level 6. HP: 28/28 MP: 0/17
   555 | D        | Killed a jelly
   561 | D        | Found a stormy altar of Qazlal.
   564 | D        | Found a sacrificial altar of Ru.
   564 | D        | Found a burning altar of Makhleb.
   564 | D        | Found a viscous altar of Jiyva.
   564 | D        | Found a shimmering altar of Xom.
   564 | D        | Found a shadowy altar of Dithmenos.
   564 | D        | Found a sparkling altar of Nemelex Xobeh.
   564 | D        | Found a corrupted altar of Lugonu.
   564 | D        | Found an opulent altar of Gozag.
   564 | D        | Noticed a spatial vortex
   568 | D        | Became a worshipper of Dithmenos the Shadowed
   596 | D        | Killed a spatial vortex
   596 | D        | Reached skill level 5 in Short Blades
   596 | D        | Reached skill level 10 in Dodging
   596 | D        | Reached skill level 11 in Stealth
   596 | D        | Reached skill level 1 in Invocations
   792 | D        | Found a radiant altar of Vehumet.
   793 | D        | Noticed a wizard
   793 | D        | Found a deep blue altar of Sif Muna.
   793 | D        | Found an ancient bone altar of Kikubaaqudgha.
   795 | D        | Killed a wizard
   818 | D        | Learned a level 3 spell: Ozocubu's Armour
   823 | D        | Learned a level 4 spell: Summon Ice Beast
   840 | D        | Found a glowing silver altar of Zin.
   841 | D        | Found a glowing golden altar of the Shining One.
   841 | D        | Found a white marble altar of Elyvilon.
   841 | D        | Noticed a deep elf priest
   906 | D        | Slain by a deep elf priest

Vault maps used:
D:        dungeon_sprint_mu

Action                   |  1- 3 |  4- 6 || total
-------------------------+-------+-------++-------
Melee: Dagger            |     7 |    18 ||    25
 Cast: Ensorcelled Hiber |     7 |     1 ||     8
       Confuse           |     1 |     7 ||     8
       Dazzling Spray    |       |    11 ||    11
  Use: Potion            |       |     4 ||     4
       Scroll            |       |     3 ||     3
 Stab: Sleeping          |     6 |     2 ||     8
